 Dungeon Crawl Stone Soup version 0.30.0 (webtiles) character file.

Game seed: 4539053043069754816

658031 SnakkuSnakku7 the Champion of Chaos (level 27, -12/273 HPs)
             Began as a Ghoul Conjurer on May 7, 2023.
             Was the Champion of Makhleb.
             Killed from afar by an orb of fire (40 damage)
             ... with a bolt of fire
             ... on level 5 of the Realm of Zot.
             The game lasted 02:21:05 (67424 turns).

SnakkuSnakku7 the Champion of Chaos (GhCj)         Turns: 67424, Time: 02:21:06

Health: -12/273    AC: 44    Str: 24 (25) XL:     27
Magic:  39/39      EV: 24    Int: 11      God:    Makhleb [******]
Gold:   5120       SH: 17    Dex: 17 (18) Spells: 24/29 levels left

rFire   + . .        a - +9 hand crossbow (freeze)
rCold   + . .        y - +2 kite shield {AC+3}
rNeg    + + +        S - +10 storm dragon scales {Bai Suzhen}
rPois   ∞            e - +2 helmet
rElec   +            u - +2 cloak {rC+}
rCorr   .            w - +2 pair of gloves {Str+3}
SInv    +            l - +2 pair of boots "Rami" {Rampage *Corrode Fly Dex+5 SInv}
Will    ++...        h - amulet of Vitality {RegenMP++ Regen++} Stlth
                     q - ring "Cuupp" {Fire Str+3 Int-2 Slay+6}
HPRegen 0.00/turn    V - ring of the Hare {EV+10}
MPRegen 1.06/turn

%: corrode self (3%), rampage
@: about to teleport, on blink cooldown, flying, inhibited regen, slowed,
studying 2 skills, very slow
A: claws 1, cold resistance 1, negative energy resistance 3, inhibited
regeneration, torment resistance 2, devour on kill
}: 3/15 runes: serpentine, barnacled, silver
a: Renounce Religion, Minor Destruction, Lesser Servant of Makhleb, Major
Destruction, Greater Servant of Makhleb


You were on level 5 of the Realm of Zot.
You worshipped Makhleb.
Makhleb was exalted by your worship.
You visited 10 branches of the dungeon, and saw 50 of its levels.
You visited 2 bazaars.
You also visited: Trove, Gauntlet and Ice Cave.

You collected 9849 gold pieces.
You spent 4729 gold pieces at shops.

Inventory:

Hand Weapons
 a - a +9 hand crossbow of freezing (weapon)
Missiles
 D - 9 throwing nets
Armour
 e - a +2 helmet (worn)
 l - the +2 pair of boots "Rami" (worn) {Rampage *Corrode Fly Dex+5 SInv}
   (You bought it in a shop in a bazaar)

   Dex:       It affects your dexterity (+5).
   SInv:      It lets you see invisible.
   Fly:       It grants you flight.
   *Corrode:  It may corrode you when you take damage.
   Rampage:   It bestows one free step when moving towards enemies.
 u - a +2 cloak of cold resistance (worn)
 w - a +2 pair of gloves of strength (worn)
 y - a +2 kite shield of protection (worn)
 C - +3 fire dragon scales
 S - +10 storm dragon scales (worn) {Bai Suzhen}
Jewellery
 h - the amulet of Vitality (around neck) {RegenMP++ Regen++}
   (You found it on level 3 of the Depths)

   [amulet of magic regeneration]

   It increases your rate of magic regeneration.
   Regen:     It increases your rate of health regeneration.
 q - the ring "Cuupp" (left hand) {Fire Str+3 Int-2 Slay+6}
   (You found it in a treasure trove)

   [ring of fire]

   It enhances your fire magic.
   Str:       It affects your strength (+3).
   Int:       It affects your intelligence (-2).
   Slay:      It affects your accuracy & damage with ranged weapons and melee
   (+6).
   rF:        It protects you from fire.
   rC:        It makes you vulnerable to cold.
 v - a ring of protection from fire
 z - a ring of see invisible
 T - a ring of willpower
 V - the ring of the Hare (right hand) {EV+10}
   (You took it off a deep elf demonologist on level 3 of the Elven Halls)

   [ring of evasion]

   EV:        It affects your evasion (+10).
Wands
 b - a wand of acid (12)
 g - a wand of paralysis (64)
 o - a wand of digging (20)
 t - a wand of flame (124)
 A - a wand of iceblast (56)
 M - a wand of mindburst (47)
 U - a wand of polymorph (36)
Scrolls
 i - 6 scrolls of silence
 j - 3 scrolls of summoning
 r - 7 scrolls of immolation
 E - 2 scrolls of magic mapping
 G - 3 scrolls of fear
 H - 3 scrolls of torment
 K - 12 scrolls of teleportation
 N - 12 scrolls of fog
 Q - 7 scrolls of poison
Potions
 c - 14 potions of attraction
 d - 8 potions of ambrosia
 f - 17 potions of might
 k - a potion of heal wounds
 n - 7 potions of brilliance
 s - 10 potions of magic
 x - 3 potions of resistance
 B - 23 potions of curing
 F - 9 potions of flight
 L - 5 potions of invisibility
 O - 8 potions of haste
Miscellaneous
 m - a tin of tremorstones (inert)
 P - a phantom mirror
 R - a phial of floods


   Skills:
 O Level 27 Fighting
 - Level 18.0 Ranged Weapons
 - Level 15.0 Armour
 + Level 11.4 Dodging
 - Level 2.1 Stealth
 - Level 18.0 Shields
 - Level 1.3 Unarmed Combat
 - Level 1.7 Spellcasting
 - Level 3.2 Conjurations
 - Level 10.0 Hexes
 - Level 10.0 Translocations
 O Level 27 Invocations
 - Level 13.6 Evocations


You had 24 spell levels left.
You knew the following spells:

 Your Spells              Type           Power      Damage    Failure   Level
a - Portal Projectile     Hex/Tloc       44%        N/A       9%          3
b - Blink                 Tloc           44%        N/A       4%          2

Your spell library contained the following spells:

 Spells                   Type           Power      Damage    Failure   Level
 Apportation              Tloc           44%        N/A       2%          1
 Lesser Beckoning         Tloc           44%        N/A       4%          2
 Gell's Gravitas          Tloc           22%        N/A       9%          3
 Teleport Other           Tloc           22%        N/A       9%          3
 Tukima's Dance           Hex            22%        N/A       9%          3
 Momentum Strike          Conj/Tloc      30%        3d8       17%         2
 Cause Fear               Hex            11%        N/A       26%         4
 Manifold Assault         Tloc           22%        N/A       26%         4
 Passage of Golubria      Tloc           22%        N/A       26%         4
 Ensorcelled Hibernation  Hex/Ice        22%        N/A       32%         2
 Dazzling Flash           Conj/Hex       30%        N/A       32%         3
 Magic Dart               Conj           32%        1d4       41%         1
 Searing Ray              Conj           16%        2d5       54%         2
 Inner Flame              Hex/Fire       17%        N/A       54%         3
 Summon Guardian Golem    Hex/Summ       11%        N/A       54%         3
 Vhi's Electric Charge    Tloc/Air       22%        N/A       54%         3
 Foxfire                  Conj/Fire      24%        2x1d5     65%         1
 Fulminant Prism          Conj/Hex       7%         3d6       73%         4
 Iskenderun's Mystic Bla  Conj/Tloc      15%        2d5       73%         4
 Freeze                   Ice            0%         1d3       86%         1
 Necrotise                Necr           0%         1d4       86%         1
 Sandblast                Erth           0%         2d4       86%         1
 Summon Small Mammal      Summ           0%         N/A       86%         1
 Anguish                  Hex/Necr       5%         N/A       91%         4
 Leda's Liquefaction      Hex/Erth       5%         N/A       91%         4
 Cigotuvi's Dreadful Rot  Necr/Pois/Air  0%         N/A       94%         2
 Passwall                 Tmut/Erth      0%         N/A       94%         2
 Poisonous Vapours        Pois/Air       0%         N/A       94%         2
 Scorch                   Fire           2%         2d5       94%         2
 Hailstorm                Conj/Ice       4%         3d4       95%         3
 Stone Arrow              Conj/Erth      8%         3d7       95%         3
 Mephitic Cloud           Conj/Pois/Air  3%         N/A       97%         3
 Call Canine Familiar     Summ           0%         N/A       99%         3
 Frozen Ramparts          Ice            0%         1d1       99%         3
 Ignite Poison            Fire/Tmut/Pois 1%         N/A       99%         3
 Ozocubu's Armour         Ice            0%         N/A       99%         3
 Metabolic Englaciation   Hex/Ice        5%         N/A       99%         5
 Silence                  Hex/Air        5%         N/A       99%         5
 Summon Mana Viper        Hex/Summ       11%        N/A       99%         5
 Yara's Violent Unravell  Hex/Tmut       5%         3d4       99%         5
 Dispersal                Tloc           11%        N/A       99%         6
 Animate Armour           Summ/Erth      0%         N/A       100%        4
 Animate Dead             Necr           0%         N/A       100%        4
 Flame Wave               Conj/Fire      6%         2d5       100%        4
 Olgreb's Toxic Radiance  Pois           0%         N/A       100%        4
 Petrify                  Tmut/Erth      0%         N/A       100%        4
 Sticky Flame             Conj/Fire      6%         2d3       100%        4
 Summon Ice Beast         Ice/Summ       0%         N/A       100%        4
 Summon Lightning Spire   Summ/Air       0%         N/A       100%        4
 Agony                    Necr           0%         N/A       100%        5
 Alistair's Intoxication  Tmut/Pois      0%         N/A       100%        5
 Arcjolt                  Conj/Air       2%         1d12      100%        5
 Borgnjor's Vile Clutch   Necr/Erth      0%         N/A       100%        5
 Fireball                 Conj/Fire      3%         3d4       100%        5
 Freezing Cloud           Conj/Ice/Air   1%         6-21      100%        5
 Irradiate                Conj/Tmut      2%         3d12      100%        5
 Iskenderun's Battlesphe  Conj           8%         2d6       100%        5
 Lee's Rapid Deconstruct  Erth           0%         3d4*      100%        5
 Conjure Ball Lightning   Conj/Air       2%         3x3d6     100%        6
 Death Channel            Necr           0%         N/A       100%        6
 Eringya's Noxious Bog    Tmut/Pois      0%         N/A       100%        6
 Iron Shot                Conj/Erth      2%         9d2       100%        6
 Plasma Beam              Fire/Air       0%         2x1d11    100%        6
 Simulacrum               Ice/Necr       0%         N/A       100%        6
 Enfeeble                 Hex            11%        N/A       100%        7
 Haunt                    Necr/Summ      0%         N/A       100%        7
 Malign Gateway           Summ/Tloc      5%         N/A       100%        7
 Monstrous Menagerie      Summ           0%         N/A       100%        7
 Orb of Destruction       Conj           4%         9d5       100%        7
 Ozocubu's Refrigeration  Ice            0%         4d7       100%        7
 Summon Hydra             Summ           0%         N/A       100%        7
 Discord                  Hex            11%        N/A       100%        8
 Disjunction              Tloc           11%        N/A       100%        8
 Ignition                 Fire           0%         3d3       100%        8
 Infestation              Necr           0%         N/A       100%        8
 Maxwell's Capacitive Co  Air            0%         ∞         100%        8
 Chain Lightning          Conj/Air       2%         3d2       100%        9
 Dragon's Call            Summ           0%         N/A       100%        9
 Fire Storm               Conj/Fire      3%         8d1       100%        9
 Polar Vortex             Ice            0%         N/A       100%        9
 Shatter                  Erth           0%         3d5*      100%        9
 Sublimation of Blood     Necr           Unusable   N/A       N/A         2
 Wereblood                Tmut           Unusable   N/A       N/A         2
 Spider Form              Tmut/Pois      Unusable   N/A       N/A         3
 Ice Form                 Ice/Tmut       Unusable   N/A       N/A         4
 Blade Hands              Tmut           Unusable   N/A       N/A         5
 Statue Form              Tmut/Erth      Unusable   N/A       N/A         6
 Dragon Form              Tmut           Unusable   N/A       N/A         7
 Death's Door             Necr           Unusable   N/A       N/A         9

Dungeon Overview and Level Annotations

Branches:
Dungeon (15/15)            Temple (0/1) D:5            Lair (5/5) D:10
 Shoals (4/4) Lair:3        Snake (4/4) Lair:2        Slime (0/5) Lair:5
    Orc (2/2) D:11            Elf (3/3) Orc:2        Vaults (5/5) D:14
  Crypt (3/3) Vaults:3       Tomb (0/3) Crypt:3      Depths (4/4) D:15
    Zot (5/5) Depths:4      IceCv (visited)         Gauntlet (visited)

Altars:
Ashenzari
Cheibriados
Dithmenos
Fedhas
Gozag
Kikubaaqudgha
Makhleb
Okawaru
Ru
Sif Muna
Yredelemnul

Shops:
D:2 (   D:3 (   D:7 (   D:9 *   D:10 !   D:11 [   D:12 ?   D:13 [   D:14 :
Orc:1 =   Orc:2 :[[*   Snake:1 [(!   Snake:2 ==:   Vaults:1 ((:?   Depths:1 *

Portals:
Hell: Depths:1 Depths:2 Depths:3 Depths:4
Abyss: Depths:1 Depths:2 Depths:3 Depths:4
Pandemonium: Depths:1 Depths:2
Ziggurat: Depths:1

Annotations:
Zot:5 1 exclusion


Innate Abilities, Weirdness & Mutations

You are immune to poison.
You have sharp fingernails.
Your flesh is cold resistant. (rC+)
You are immune to negative energy. (rN+++)
You do not regenerate when monsters are visible.
You are immune to unholy pain and torment.
You thrive by killing the living.


Message History

Okay, then.
Casting: Blink (safe; 4% risk of failure)
Confirm with . or Enter, or press ? or * to list all spells.
You blink.
The orb of fire glows deep purple.
Strange energies course through your body.
Your body decomposes!
You feel clumsy.
The death cob hits you but does no damage.
You block the Killer Klown's attack. The Killer Klown pies you viciously!
You block the klown pie.
Unknown command.
Unknown command.
The Killer Klown attacks as you move away!
You block the Killer Klown's attack.
The Orb Guardian attacks as you move away!
The Orb Guardian closely misses you.
The Orb Guardian attacks as you move away!
You block the Orb Guardian's attack.
The Orb Guardian attacks as you move away!
The Orb Guardian barely misses you. The Orb Guardian completely misses you.
The Orb Guardian hits you but does no damage.
The Killer Klown pies you viciously! The klown pie misses you.
Unknown command.
Unknown command.
Okay, then.
As you read the scroll of teleportation, it crumbles to dust.
You feel strangely unstable.
You feel the Orb delaying your translocation!
You block the Orb Guardian's attack.
The orb of fire glows yellow.
The bolt of fire hits you! You resist.
* * * LOW HITPOINT WARNING * * *
The Orb Guardian hits you!
* * * LOW HITPOINT WARNING * * *
The orb of fire glows deep purple.
The bolt of fire hits you!!! You resist.
You die...

....# #.# #..X..........#
....###.#####.............#
....'......##..p...[......#
....###.##..'......<......#
....# #.##.##......X......#
....# #.....#.......X.....#
'#.⌠#
#####'#......XX....)#######
.####
#.†#######X##..^......<. .#
#.....p@*XX.#........... .#
#.....p*Xz..#..⌠........ .#
#.......X...#........... .#
#...........#........... .#
#...........#........... .#
#...........#........... .#
#...........'........... .#
#...........#...)....... ##
########################


You could see 2 orbs of fire, 2 Killer Klowns, a death cob and 5 Orb Guardians.

Vanquished Creatures
  3 dread liches
  An orb of fire (Zot:1)
  Mara (Depths:1)
  2 ancient liches (Vaults:5)
  2 juggernauts (Depths:1)
  2 royal mummies (Depths:3)
  Josephina (Crypt:1)
  Bai Suzhen (Snake:3)
  A Killer Klown (Zot:5)
  A curse toe (Zot:3)
  12 golden dragons
  Nikola (Elf:2)
  2 bone dragons (Crypt:3)
  8 liches
  19 tentacled monstrosities
  2 deep elf blademasters (Elf:2)
  3 quicksilver dragons
  15 Orb Guardians (Zot:5)
  4 titans
  A walking earthen tome (Depths:2)
  Asterion (Snake:1)
  Mlioglotl (Shoals:1)
  8 ancient champions
  14 sphinxes
  5 death cobs
  8 storm dragons
  Kirke (Lair:3)
  Polyphemus (Shoals:2)
  Donald (Elf:2)
  12 shadow dragons
  6 draconian monks
  Roxanne (Shoals:2)
  4 tengu reavers
  16 nagarajas
  3 revenants
  Ilsuiw (Shoals:3)
  4 draconian knights
  8 fire giants
  2 draconian scorchers
  5 deep elf sorcerers
  The ghost of backslashecho the Destroyer, an adept TeRe of Vehumet (Shoals:1)
  12 frost giants
  A balrug (Depths:2)
  A juggernaut zombie (Crypt:3)
  21 vault wardens
  An orc warlord (Vaults:1)
  An iron dragon (Depths:4)
  Aizul (Snake:2)
  A ghost moth (Zot:1)
  4 deep elf elementalists
  3 draconian stormcallers
  A reaper (Crypt:1)
  3 draconian shifters
  17 ironbound preservers
  A spriggan defender (Depths:1)
  4 ghouls (Crypt:2)
  4 vampire knights
  A caustic shrike skeleton (Crypt:3)
  12 war gargoyles
  A quicksilver ooze (Lair:4)
  7 black draconians
  15 stone giants
  9 deep elf demonologists
  9 dire elephants
  5 ironbound thunderhulks
  10 red draconians
  27 very ugly things
  8 spark wasps
  7 green draconians
  8 white draconians
  7 yellow draconians
  8 deep elf annihilators
  A minotaur (Gauntlet)
  5 purple draconians
  4 eidola
  A crystal guardian (Vaults:4)
  10 yaktaur captains
  10 merfolk javelineers
  8 merfolk impalers
  8 deep elf death magi
  Snorg (Orc:1)
  13 ettins
  6 deep elf high priests
  5 great orbs of eyes
  9 jiangshi
  4 mummy priests
  9 fire dragons
  A great orb of eyes (shapeshifter) (Vaults:5)
  3 entropy weavers
  4 hydras
  3 spriggan skeletons
  30 vault guards
  6 ogre magi
  A caustic shrike simulacrum (IceCv)
  6 peacekeepers
  2 salamander tyrants
  A catoblepas (shapeshifter) (Depths:1)
  13 ironbound frosthearts
  9 rakshasas
  10 ice dragons
  3 catoblepae
  8 boulder beetles
  19 two-headed ogres
  5 spriggan air magi
  2 alligator snapping turtles (Shoals:3)
  7 merfolk avatars
  18 centaur warriors
  2 death knights (Crypt:1)
  8 anacondas
  Erica (Orc:1)
  11 deep troll shamans
  A death scarab (Gauntlet)
  5 merfolk aquamancers
  15 naga warriors
  7 death yaks
  31 dancing weapons
  10 shock serpents
  5 tengu warriors
  A bennu skeleton (Crypt:1)
  9 deep troll earth magi
  6 spriggan berserkers
  2 orc high priests
  7 vampire magi
  A hell knight (Depths:2)
  14 naga sharpshooters
  18 deep elf knights
  A sun demon (Depths:2)
  A shadow wraith (Crypt:3)
  2 iron giant zombies
  Amaemon (Lair:2)
  4 salamander mystics
  7 skysharks
  A spark wasp zombie (Crypt:1)
  4 iron trolls
  45 skeletal warriors
  A storm dragon skeleton (Crypt:2)
  A goliath frog (shapeshifter) (Snake:2)
  An orb spider (shapeshifter) (Vaults:5)
  68 deep trolls
  4 bog bodies
  26 sea snakes
  A ghost moth zombie (Crypt:2)
  4 glowing orange brains
  5 spriggan simulacra
  4 naga ritualists
  2 spectral merfolk (Shoals:1)
  A kraken simulacrum (Shoals:4)
  4 flayed ghosts
  An obsidian statue (IceCv)
  3 wizards
  Pikel (D:5)
  21 harpies
  22 ironbound convokers
  The ghost of komi the Cudgeller, a novice HOWn of Beogh (D:6)
  25 deep elf pyromancers
  5 lindwurms
  12 deep elf archers
  6 phantasmal warriors
  A steelbarb worm (shapeshifter) (Vaults:5)
  6 orc knights
  28 deep elf zephyrmancers
  An eleionoma zombie (Crypt:1)
  8 large abominations (Depths:3)
  48 ugly things
  A sphinx skeleton (Crypt:1)
  9 necromancers
  2 orc sorcerers
  10 cyclopes
  16 fauns
  A faun (shapeshifter) (Vaults:5)
  2 stone giant zombies (Crypt:3)
  A mana viper (shapeshifter) (D:14)
  A wolf spider (D:15)
  14 salamanders
  11 manticores
  12 mana vipers
  A shadow dragon skeleton (Depths:1)
  An elephant (shapeshifter) (Vaults:5)
  Maurice (D:8)
  25 moths of wrath
  11 elephants
  7 water nymphs
  10 merfolk sirens
  31 black mambas
  14 naga magi
  2 ice statues (Shoals:1)
  3 guardian serpents
  3 centaur zombies (D:10)
  An orange demon (Lair:2)
  A titan simulacrum (Crypt:1)
  2 smoke demons
  13 cane toads
  Maggie (D:6)
  21 vault sentinels
  Psyche (D:8)
  2 unseen horrors (Depths:3)
  A redback zombie (Crypt:2)
  3 kobold demonologists (D:11)
  21 yaktaurs
  7 anaconda simulacra
  An ice devil (IceCv)
  A minotaur zombie (Gauntlet)
  2 tengu conjurers (Depths:2)
  3 rime drakes
  22 freezing wraiths
  7 komodo dragons
  2 efreet
  38 merfolk
  A yellow draconian zombie (Crypt:2)
  A death yak skeleton (Crypt:3)
  3 golden dragon simulacra (IceCv)
  A catoblepas skeleton (Crypt:3)
  15 guardian mummies
  A mana viper zombie (Crypt:2)
  A harpy zombie (Crypt:3)
  A minotaur skeleton (Crypt:1)
  14 trolls
  A hydra zombie (Crypt:1)
  3 polar bears
  4 wind drakes
  2 meliai (shapeshifter)
  A polar bear (shapeshifter) (Elf:1)
  4 meliai
  5 hornets
  14 blink frogs
  A mana viper skeleton (Crypt:1)
  Grinder (D:6)
  An iron troll skeleton (Crypt:1)
  A raiju (shapeshifter) (D:15)
  A culicivora zombie (Crypt:1)
  21 dream sheep
  A dream sheep (shapeshifter) (Depths:1)
  4 ettin zombies
  9 snapping turtles
  An ettin skeleton (Crypt:3)
  23 slime creatures
  A centaur simulacrum (D:14)
  2 jumping spiders
  8 water elementals
  3 air elementals
  A culicivora (shapeshifter) (Vaults:5)
  A stone giant simulacrum (Depths:1)
  A black mamba zombie (Crypt:3)
  Sigmund (D:5)
  2 dire elephant simulacra (IceCv)
  3 spriggans (Depths:2)
  A tyrant leech zombie (Crypt:3)
  14 wraiths
  3 shadows
  5 vampires
  6 wyverns
  A spectral komodo dragon (Gauntlet)
  43 yaks
  2 chaos spawn (Depths:3)
  A redback (shapeshifter) (Depths:4)
  2 fire elementals (Elf:2)
  4 hogs (Lair:4)
  5 humans (D:8)
  3 steam dragons
  3 redbacks
  2 basilisks
  A minotaur simulacrum (IceCv)
  3 vampire mosquitoes (D:11)
  Menkaure (D:5)
  2 acid dragons
  A demonspawn zombie (Crypt:3)
  44 nagas
  5 harpy simulacra
  12 water moccasins
  3 wargs
  A spectral snapping turtle (Shoals:1)
  A two-headed ogre zombie (Crypt:2)
  2 floating eyes
  A sky beast (shapeshifter) (Vaults:4)
  A floating eye (shapeshifter) (Depths:4)
  2 hydra simulacra (IceCv)
  13 orc warriors
  3 sky beasts
  3 alligator simulacra (IceCv)
  2 human zombies (Vaults:4)
  3 black bears
  6 ice beasts
  A black mamba simulacrum (Crypt:1)
  15 wolves
  30 ogres
  12 centaurs
  5 boggarts
  6 kobold brigands
  A wind drake simulacrum (Shoals:1)
  4 small abominations
  14 bullfrogs
  A deep troll simulacrum (IceCv)
  2 earth elementals
  2 gnoll sergeants
  2 merfolk simulacra (Shoals:1)
  A human simulacrum (Vaults:3)
  A scorpion (D:6)
  A warg zombie (Crypt:2)
  5 wights
  3 lindwurm simulacra (IceCv)
  21 killer bees
  A manticore simulacrum (Shoals:1)
  14 electric eels
  3 howler monkeys
  2 crimson imps (Gauntlet)
  A wolf zombie (Crypt:3)
  3 hounds
  19 orc priests
  8 jellies
  A gnoll bouda (D:4)
  Crazy Yiuf (D:5)
  A cyclops simulacrum (Shoals:1)
  12 human skeletons (Vaults:4)
  8 iguanas
  24 orc wizards
  An ice beast zombie (Crypt:3)
  A naga skeleton (Crypt:3)
  A tengu skeleton (Crypt:3)
  A mummy (Depths:3)
  25 gnolls
  A river rat (D:10)
  8 adders
  A white imp (D:6)
  An adder zombie (Crypt:1)
  2 worms
  73 orcs
  4 ball pythons
  4 bats
  2 bat zombies (D:14)
  10 endoplasms
  3 giant cockroaches
  4 goblins
  3 hobgoblins
  3 jackals (D:3)
  8 kobolds
  4 quokkas
  3 training dummies (D:7)
  3 frilled lizards
  A kobold zombie (Crypt:2)
  5 rats
  A rat zombie (D:14)
2272 creatures vanquished.

Vanquished Creatures (collateral kills)
  Vv (Zot:1)
  A war gargoyle (Vaults:4)
  A naga warrior (Snake:1)
  2 deep trolls (Vaults:4)
  A sea snake (Snake:1)
  A mana viper (Snake:1)
  An ugly thing (Vaults:4)
  2 naga magi (Snake:1)
  2 electric eels (Snake:1)
  A spectral weapon (Snake:1)
13 creatures vanquished.

Vanquished Creatures (others)
  3 draconian knights
  A fire giant (Depths:4)
  A white draconian (Zot:4)
  A red draconian (Zot:4)
  A merfolk aquamancer (Shoals:4)
  A deep elf knight (Elf:3)
  2 wizards
  A glowing orange brain (shapeshifter) (Vaults:5)
  A merfolk siren (Shoals:4)
  A rime drake (Lair:5)
  A merfolk (Shoals:3)
  An ogre (shapeshifter) (Elf:3)
  A howler monkey zombie (D:10)
  An orc (Vaults:5)
  20 demonic plants (Gauntlet)
  25 fungi
  129 plants
  4 toadstools (D:1)
  6 withered plants (D:10)
201 creatures vanquished.

Grand Total: 2486 creatures vanquished

Notes
Turn   | Place    | Note
-------+----------+-------------------------------------------
     0 | D:1      | SnakkuSnakku7 the Ghoul Conjurer began the quest for the
                  | Orb.
     0 | D:1      | Reached XP level 1. HP: 14/14 MP: 2/2
   217 | D:1      | Reached skill level 1 in Fighting
   217 | D:1      | Reached skill level 1 in Unarmed Combat
   266 | D:1      | Reached XP level 2. HP: 23/23 MP: 3/3
   748 | D:2      | Found Dehij's Antique Weapon Emporium.
   887 | D:2      | Found a faded altar of an unknown god.
   901 | D:2      | Prayed at the altar of an unknown god.
   901 | D:2      | Became a worshipper of Makhleb the Destroyer
   901 | D:2      | Reached * piety under Makhleb
  1215 | D:2      | Reached XP level 3. HP: 29/29 MP: 4/4
  1668 | D:3      | Found Pusmuf's Weapon Emporium.
  1675 | D:3      | Bought a +0 longbow for 84 gold pieces
  1732 | D:3      | Reached skill level 1 in Ranged Weapons
  1944 | D:3      | Reached XP level 4. HP: 37/37 MP: 5/5
  1948 | D:3      | Reached ** piety under Makhleb
  2391 | D:3      | Identified the amulet "Ixagaud" {RegenMP Harm rF+ rCorr}
  2617 | D:4      | Reached XP level 5. HP: 28/45 MP: 6/6
  2767 | D:4      | Reached XP level 6. HP: 52/52 MP: 7/7
  3164 | D:4      | Reached *** piety under Makhleb
  3285 | D:5      | Entered Level 5 of the Dungeon
  3323 | D:5      | Noticed Sigmund
  3329 | D:5      | Killed Sigmund
  3330 | D:5      | Reached skill level 5 in Ranged Weapons
  3330 | D:5      | Reached XP level 7. HP: 54/60 MP: 8/8
  3825 | D:5      | Reached XP level 8. HP: 67/67 MP: 9/9
  4188 | D:5      | Found an opulent altar of Gozag.
  4355 | D:5      | Found a staircase to the Ecumenical Temple.
  4426 | D:5      | Found a runed translucent door.
  4427 | D:5      | Noticed Crazy Yiuf
  4441 | D:5      | Killed Crazy Yiuf
  4586 | D:6      | Noticed Menkaure
  4592 | D:6      | Noticed Pikel
  4600 | D:5      | Killed Menkaure
  4704 | D:6      | Found a runed translucent gate.
  4706 | D:6      | Noticed komi's ghost (novice HOWn)
  4708 | D:6      | Found a runed translucent gate.
  4709 | D:6      | Found a runed translucent gate.
  4772 | D:5      | Killed Pikel
  4773 | D:5      | Reached XP level 9. HP: 72/72 MP: 10/10
  4811 | D:6      | Noticed Maggie
  4825 | D:6      | Killed Maggie
  5061 | D:6      | Reached skill level 10 in Ranged Weapons
  5333 | D:6      | Noticed Grinder
  5350 | D:6      | Paralysed by Grinder for 5 turns
  5356 | D:6      | Killed Grinder
  5528 | D:7      | Found Jeexzet's Firing Range.
  5540 | D:7      | Bought a +0 hand crossbow for 38 gold pieces
  5630 | D:7      | Reached **** piety under Makhleb
  5697 | D:7      | Found an iron altar of Okawaru.
  5707 | D:7      | Noticed a two-headed ogre
  5849 | D:7      | Reached XP level 10. HP: 80/80 MP: 11/11
  6304 | D:7      | Killed a two-headed ogre
  6657 | D:8      | Noticed Psyche
  6657 | D:8      | Noticed a two-headed ogre
  6668 | D:8      | Killed Psyche
  6686 | D:8      | Killed a two-headed ogre
  6889 | D:8      | Reached ***** piety under Makhleb
  7047 | D:8      | Reached XP level 11. HP: 78/85 MP: 12/12
  7318 | D:8      | You fall into a shaft and drop 3 floors!
  7340 | D:10     | Entered Level 10 of the Dungeon
  7740 | D:8      | Noticed Maurice
  7753 | D:8      | Killed Maurice
  7927 | D:9      | Found Zin's Purification Station.
  7935 | D:9      | Bought a potion of curing for 90 gold pieces
  7955 | D:9      | Reached skill level 15 in Ranged Weapons
  8243 | D:9      | Identified the +0 ring mail "Xagh" {*Slow rC++ rN++}
  8732 | D:9      | Found Efexzur's Eclectic Emporium.
  8740 | D:9      | Bought a potion of experience for 600 gold pieces
  8740 | D:9      | Bought a scroll of enchant weapon for 90 gold pieces
  8740 | D:9      | Reached skill level 10 in Fighting
  8740 | D:9      | Reached XP level 12. HP: 108/108 MP: 13/13
  8984 | D:10     | Noticed a death yak
  9339 | D:10     | Reached skill level 1 in Invocations
  9376 | D:10     | Noticed a death yak
  9377 | D:10     | Noticed a death yak
  9389 | D:10     | Killed a death yak
  9413 | D:10     | Killed a death yak
  9444 | D:9      | Killed a death yak
  9445 | D:9      | Reached skill level 5 in Invocations
  9657 | D:9      | Reached ****** piety under Makhleb
  9658 | D:9      | Reached XP level 13. HP: 112/114 MP: 16/16
  9784 | D:10     | Found a staircase to the Lair.
  9905 | D:10     | Found Orghy's Distillery.
 10428 | Lair:1   | Entered Level 1 of the Lair of Beasts
 10683 | Lair:1   | Found a shadowy altar of Dithmenos.
 11478 | Lair:2   | You fall into a shaft and drop 2 floors!
 11584 | Lair:2   | Noticed Amaemon
 11597 | Lair:2   | Reached skill level 10 in Invocations
 11629 | Lair:2   | Reached skill level 1 in Armour
 11637 | Lair:2   | Found a gate leading to a gauntlet.
 11646 | Gauntlet | Entered a Gauntlet
 11646 | Gauntlet | Found a large runed translucent door.
 11646 | Gauntlet | Found a large runed translucent door.
 11646 | Gauntlet | Found a large runed translucent door.
 11646 | Gauntlet | Found a large runed translucent door.
 11646 | Gauntlet | Found a large runed translucent door.
 11646 | Gauntlet | Found a large runed translucent door.
 11646 | Gauntlet | Found a large runed translucent door.
 11646 | Gauntlet | Found a large runed translucent door.
 11646 | Gauntlet | Found a runed translucent door.
 11646 | Gauntlet | Found a runed translucent gate.
 11646 | Gauntlet | Found a transporter.
 11646 | Gauntlet | Found a transporter.
 11646 | Gauntlet | Found a runed translucent gate.
 11646 | Gauntlet | Found a transporter.
 11647 | Gauntlet | Found a runed translucent door.
 11647 | Gauntlet | Found a runed translucent gate.
 11649 | Gauntlet | Found a large runed translucent door.
 11649 | Gauntlet | Found a large runed translucent door.
 11649 | Gauntlet | Found a large runed translucent door.
 11649 | Gauntlet | Found a large runed translucent door.
 11650 | Gauntlet | Found a large runed translucent door.
 11650 | Gauntlet | Found a large runed translucent door.
 11651 | Gauntlet | Found a large runed translucent door.
 11651 | Gauntlet | Found a large runed translucent door.
 11666 | Gauntlet | Found a transporter.
 11676 | Gauntlet | Found a transporter.
 11680 | Gauntlet | Found a transporter.
 11693 | Gauntlet | Found a transporter.
 11714 | Gauntlet | Found a transporter.
 11731 | Gauntlet | Found a transporter.
 11735 | Gauntlet | Found a transporter.
 11746 | Gauntlet | Found a transporter.
 11750 | Gauntlet | Found a transporter.
 12233 | Gauntlet | Identified the amulet "Peawap" {Acrobat Harm}
 12233 | Gauntlet | Noticed a minotaur
 12259 | Gauntlet | Killed a minotaur
 12312 | Lair:2   | Found a staircase to the Snake Pit.
 12437 | Lair:2   | Identified the ring of Attitude {Wiz Str+2 Int+2}
 12780 | Lair:2   | Killed Amaemon
 12788 | Lair:2   | Reached skill level 5 in Armour
 13060 | Lair:3   | Found a staircase to the Shoals.
 13620 | Lair:3   | Reached XP level 14. HP: 122/122 MP: 20/20
 13887 | Lair:4   | Noticed Kirke
 13917 | Lair:4   | Noticed a sphinx
 13925 | Lair:3   | Killed Kirke
 14783 | Lair:4   | Noticed a quicksilver ooze
 14800 | Lair:4   | Killed a quicksilver ooze
 14918 | Lair:4   | Identified the +8 chain mail "Koiqefaff" {Rampage}
 15175 | Lair:5   | Entered Level 5 of the Lair of Beasts
 15526 | Lair:5   | Reached skill level 15 in Fighting
 16207 | Lair:5   | Found a runed translucent door.
 16213 | Lair:5   | Found a staircase to the Slime Pits.
 16289 | Lair:5   | Found the +11 plutonium sword {Contam Stlth-}
 16825 | Lair:5   | Reached XP level 15. HP: 149/149 MP: 21/21
 16861 | Lair:5   | Identified the +4 chain mail of Sivvurr {Harm rElec rC-}
 16862 | Lair:5   | Identified the +1 trident of Makhleb's Supremacy {heavy,
                  | Drain rElec rN+ Dex+5}
 17339 | D:6      | Killed komi's ghost
 17555 | D:11     | Found Ogiun's Armour Shoppe.
 17640 | D:11     | Found a staircase to the Orcish Mines.
 18071 | Orc:1    | Entered Level 1 of the Orcish Mines
 18142 | Orc:1    | Noticed Snorg
 18162 | Orc:1    | Killed Snorg
 18496 | Orc:2    | Entered Level 2 of the Orcish Mines
 18496 | Orc:2    | Found Furirphamm's Antique Armour Emporium.
 18496 | Orc:2    | Found Xuokegif's Armour Shoppe.
 19549 | Orc:1    | Reached skill level 1 in Shields
 20085 | Orc:2    | Paralysed by something for 3 turns
 20279 | Orc:2    | Found Jinut's General Store.
 20294 | Orc:2    | Found Nyzutaw's Book Shoppe.
 20296 | Orc:2    | Bought a scroll of fear for 44 gold pieces
 20305 | Orc:2    | Found a staircase to the Elven Halls.
 20351 | Orc:2    | Bought a bloodstained hat for 333 gold pieces
 20351 | Orc:2    | Identified the +0 hat "Qoeneipo" {rCorr Dex+3} (You bought
                  | it in a shop on level 2 of the Orcish Mines)
 20530 | Orc:1    | Found Exutzo's Jewellery Emporium.
 20563 | Orc:1    | Noticed Erica
 20571 | Orc:1    | Killed Erica
 20643 | Orc:1    | Bought the ring of Ginete {rCorr Dex+4} for 637 gold pieces
 20883 | D:12     | Identified the amulet "Abomil" {Acrobat rCorr}
 21312 | D:12     | Reached skill level 5 in Shields
 21358 | D:12     | Found Navidit's Magic Scroll Shoppe.
 21531 | D:12     | Bought a scroll of brand weapon for 133 gold pieces
 21531 | D:12     | Bought a scroll of teleportation for 42 gold pieces
 21531 | D:12     | Bought a scroll of teleportation for 42 gold pieces
 21531 | D:12     | Bought a scroll of blinking for 105 gold pieces
 21531 | D:12     | Bought a scroll of teleportation for 42 gold pieces
 21531 | D:12     | Bought a scroll of teleportation for 42 gold pieces
 21723 | D:13     | Found Uretel's Armour Shoppe.
 22406 | D:13     | Reached XP level 16. HP: 153/157 MP: 22/22
 22947 | D:14     | Found an ancient bone altar of Kikubaaqudgha.
 23014 | D:14     | Found a gate to the Vaults.
 23022 | D:14     | Got Sif Muna's Papyrus of Transposition and the Salvo
 23648 | D:14     | Found Kellost's Book Boutique.
 23735 | D:15     | Entered Level 15 of the Dungeon
 24524 | D:15     | Reached skill level 10 in Shields
 25155 | D:15     | Found a staircase to the Depths.
 25286 | D:15     | Reached skill level 5 in Dodging
 25286 | D:15     | Reached XP level 17. HP: 165/165 MP: 23/23
 25287 | D:15     | Reached XP level 18. HP: 172/172 MP: 24/24
 25436 | D:10     | Bought a potion of heal wounds for 85 gold pieces
 25545 | D:9      | Bought a scroll of enchant armour for 90 gold pieces
 25618 | Snake:1  | Entered Level 1 of the Snake Pit
 25635 | Snake:1  | Noticed Asterion
 26139 | Snake:1  | Killed Asterion
 26357 | Snake:1  | Found Saboelom's Distillery.
 26359 | Snake:1  | Found Ishrah's Antique Weapon Shop.
 26362 | Snake:1  | Found Ziuluv's Armour Boutique.
 26371 | Snake:1  | Bought a potion of heal wounds for 85 gold pieces
 26371 | Snake:1  | Bought a potion of haste for 170 gold pieces
 26508 | Snake:1  | Found a shimmering blue altar of Sif Muna.
 27051 | Snake:1  | Reached skill level 1 in Evocations
 27456 | Snake:2  | Reached XP level 19. HP: 164/179 MP: 25/25
 27806 | Snake:2  | Reached skill level 5 in Evocations
 27825 | Snake:2  | You fall into a shaft and drop 1 floor!
 27911 | Snake:3  | Noticed Bai Suzhen
 29028 | Snake:2  | Noticed Aizul
 29049 | Snake:2  | Killed Aizul
 30096 | Snake:2  | Found Ginloor's Book Emporium.
 30096 | Snake:2  | Found Balifis's Jewellery Shop.
 30097 | Snake:2  | Found Ceostraig's Jewellery Shop.
 30349 | Snake:3  | Killed Bai Suzhen
 30521 | Snake:3  | Reached skill level 10 in Evocations
 31056 | Snake:4  | Entered Level 4 of the Snake Pit
 31405 | Snake:4  | Reached skill level 10 in Armour
 31772 | Snake:4  | Reached XP level 20. HP: 138/188 MP: 26/26
 31996 | Snake:4  | Got a serpentine rune of Zot
 32137 | Snake:4  | Identified the +3 ring mail "Pukkuixei" {rCorr Str+4}
 32786 | Shoals:1 | Entered Level 1 of the Shoals
 32824 | Shoals:1 | Found a runed translucent gate.
 32824 | Shoals:1 | Found a runed translucent gate.
 32824 | Shoals:1 | Found a runed translucent gate.
 32829 | Shoals:1 | Noticed backslashecho's ghost (adept TeRe)
 32831 | Shoals:1 | Found a frozen archway.
 32891 | IceCv    | Entered an ice cave
 33501 | IceCv    | Found an ancient bone altar of Kikubaaqudgha.
 33952 | IceCv    | Identified the ring "Tojas" {rN+ MP+9 Int+3}
 34467 | Shoals:1 | Killed backslashecho's ghost
 34666 | Shoals:2 | Noticed Mlioglotl
 34667 | Shoals:2 | Identified Roxanne's Opusculum on Sculpting
 34667 | Shoals:2 | Noticed Roxanne
 34679 | Shoals:1 | Noticed a bone dragon
 34680 | Shoals:1 | Killed Mlioglotl
 34783 | Shoals:2 | Noticed Polyphemus
 34784 | Shoals:2 | Killed Roxanne
 34961 | Shoals:2 | Killed Polyphemus
 35453 | Shoals:2 | Reached skill level 15 in Armour
 35967 | Shoals:3 | Noticed Ilsuiw
 35998 | Shoals:3 | Killed Ilsuiw
 36010 | Shoals:3 | Reached XP level 21. HP: 79/194 MP: 27/27
 36905 | Shoals:4 | Entered Level 4 of the Shoals
 38298 | Shoals:4 | Got the Handbook of the Spicy Nimbus
 38416 | Shoals:4 | Got a barnacled rune of Zot
 38705 | D:11     | Bought a +2 pair of gloves of strength for 344 gold pieces
 38792 | Vaults:1 | Entered Level 1 of the Vaults
 38984 | Vaults:1 | Learned a level 2 spell: Blink
 38988 | Vaults:1 | Learned a level 3 spell: Portal Projectile
 39015 | Vaults:1 | Reached skill level 1 in Translocations
 39031 | Vaults:1 | Found Kucafaw's Book Boutique.
 39038 | Vaults:1 | Found Ferriyr's Magic Scroll Shop.
 39714 | Vaults:1 | Found Kiumimn's Weapon Emporium.
 39717 | Vaults:1 | Found Ixin's Antique Weapon Emporium.
 39982 | Vaults:1 | Paralysed by a sphinx for 2 turns
 40019 | Vaults:1 | Reached skill level 5 in Translocations
 41295 | Vaults:2 | Reached XP level 22. HP: 202/202 MP: 28/28
 41694 | Vaults:2 | Identified the +0 plate armour "Koqacw" {*Slow Dex+8 Slay-6
                  | SInv}
 42463 | Vaults:2 | Reached skill level 10 in Translocations
 42599 | Vaults:2 | Reached skill level 1 in Hexes
 43106 | Vaults:3 | Found a staircase to the Crypt.
 43240 | Vaults:3 | Reached skill level 5 in Hexes
 43510 | Vaults:3 | Identified the +6 spear "Ecouroat" {freeze, rPois Will+}
 43512 | Vaults:3 | Found a flickering gateway to a bazaar.
 43517 | Bazaar   | Entered a bazaar
 43517 | Bazaar   | Found Ytikhet's Weapon Shoppe.
 43517 | Bazaar   | Found Nita's Antique Armour Shop.
 43823 | Bazaar   | Found Eprihore's Antique Armour Boutique.
 43833 | Bazaar   | Found Lonompaj's Antique Armour Shop.
 43870 | Bazaar   | Bought a pair of buzzing boots for 218 gold pieces
 43870 | Bazaar   | Identified the +2 pair of boots "Rami" {Rampage *Corrode
                  | Fly Dex+5 SInv} (You bought it in a shop in a bazaar)
 44503 | Vaults:3 | Identified the +0 ring mail of the Hills {rCorr Str+4
                  | Int+3}
 44843 | Vaults:4 | Identified the +1 chain mail of Inquiry {rN++ Regen+}
 45099 | Vaults:4 | Reached XP level 23. HP: 103/209 MP: 26/29
 45356 | Vaults:4 | Reached skill level 10 in Hexes
 46740 | Vaults:5 | Entered Level 5 of the Vaults
 46981 | Crypt:1  | Entered Level 1 of the Crypt
 47273 | Crypt:1  | Identified the ring of Mitough {Ice Will- Int+5}
 47273 | Crypt:1  | Noticed Josephina
 47691 | Crypt:1  | Killed Josephina
 48161 | Crypt:1  | Paralysed by a vampire knight for 5 turns
 49135 | Crypt:2  | Reached skill level 15 in Shields
 49464 | Crypt:3  | Entered Level 3 of the Crypt
 50034 | Crypt:3  | Reached XP level 24. HP: 209/217 MP: 30/31
 50105 | Crypt:3  | Found a staircase to the Tomb.
 50974 | Crypt:3  | Found an ancient bone altar of Kikubaaqudgha.
 51033 | Crypt:3  | Found a basalt altar of Yredelemnul.
 51101 | Crypt:3  | Identified the +8 quick blade "Etoog" {heavy, Int+3}
 51137 | Crypt:3  | Found the +7 sceptre of Torment {pain, torment}
 51378 | Depths:1 | Entered Level 1 of the Depths
 51742 | Depths:1 | Found a gateway to Hell.
 51753 | Depths:1 | Found a one-way gate to the infinite horrors of the Abyss.
 51879 | Depths:1 | Found a one-way gateway to a ziggurat.
 52025 | Depths:1 | Noticed Mara
 52060 | Depths:1 | Killed Mara
 52065 | Depths:1 | Found Ashuady's General Store.
 52077 | Depths:1 | Bought a potion of heal wounds for 70 gold pieces
 52077 | Depths:1 | Bought a scroll of teleportation for 42 gold pieces
 52153 | D:14     | Bought a manual of Fighting for 1120 gold pieces
 52223 | Depths:1 | Found a broken altar of Ashenzari.
 52276 | Depths:1 | Noticed a juggernaut
 52293 | Depths:1 | Killed a juggernaut
 52687 | Depths:1 | Found a one-way gate leading to the halls of Pandemonium.
 52726 | Depths:1 | Found a runed translucent door.
 52727 | Depths:1 | Noticed a juggernaut
 52728 | Depths:1 | Found the +8 frozen axe "Frostbite" {freeze, freezing
                  | cloud, *Noise Fly rC+}
 53008 | Depths:2 | Got the Incunable of Dark Magic
 53200 | Depths:2 | Paralysed by a floating eye for 3 turns
 53877 | Depths:2 | Reached XP level 25. HP: 145/236 MP: 7/31
 54454 | Depths:2 | Found a snail-covered altar of Cheibriados.
 54528 | Depths:2 | Found a blossoming altar of Fedhas.
 55135 | Depths:3 | Found a portal to a secret trove of treasure.
 55147 | Trove    | Entered a treasure trove
 55185 | Trove    | Identified the ring "Namuqoext" {Fire rPois}
 55188 | Trove    | Identified the ring "Dudopt" {*Corrode Fly rN++ Int+5}
 55191 | Trove    | Identified the ring "Cuupp" {Fire Str+3 Int-2 Slay+6}
 55225 | Depths:3 | Reached XP level 26. HP: 258/258 MP: 31/31
 55426 | Depths:3 | Found the amulet of Vitality {RegenMP++ Regen++}
 55427 | Depths:3 | Noticed a royal mummy
 55765 | Depths:3 | Noticed a royal mummy
 55788 | Depths:3 | Killed a royal mummy
 56164 | Depths:3 | Killed a royal mummy
 56263 | Depths:4 | Entered Level 4 of the Depths
 56309 | Depths:4 | Paralysed by a sphinx for 4 turns
 56872 | Depths:4 | Reached skill level 15 in Invocations
 57304 | Depths:4 | Found a sacrificial altar of Ru.
 57400 | Depths:4 | Found a gate to the Realm of Zot.
 57664 | Depths:1 | Killed a juggernaut
 57915 | Elf:1    | Entered Level 1 of the Elven Halls
 57966 | Elf:1    | Found a flickering gateway to a bazaar.
 57973 | Bazaar   | Entered a bazaar
 57976 | Bazaar   | Found Gicleaf's Assorted Antiques.
 57981 | Bazaar   | Bought a scroll of blinking for 150 gold pieces
 57989 | Bazaar   | Found Quffagis's Book Boutique.
 58024 | Bazaar   | Found Utric's Weapon Boutique.
 58024 | Bazaar   | Found Yrotel Qass's Assorted Antiques.
 58031 | Bazaar   | Bought a scroll labelled OWIL ARO GORE for 33 gold pieces
 58053 | Bazaar   | Acquired 999 gold pieces
 58249 | Elf:1    | Acquired a manual of Dodging
 58356 | Elf:1    | Reached XP level 27. HP: 246/266 MP: 34/34
 58407 | Elf:1    | Found a runed translucent gate.
 58407 | Elf:1    | Found a runed translucent gate.
 58407 | Elf:1    | Found a runed translucent gate.
 58407 | Elf:1    | Found a runed translucent gate.
 58407 | Elf:1    | Found a runed translucent gate.
 58409 | Elf:1    | Found a runed translucent gate.
 59255 | Elf:2    | Found a runed translucent gate.
 59256 | Elf:2    | Found a runed translucent gate.
 59256 | Elf:2    | Found a runed translucent gate.
 59566 | Elf:2    | Noticed Donald
 59574 | Elf:2    | Killed Donald
 59585 | Elf:2    | Noticed Nikola
 59591 | Elf:2    | Killed Nikola
 59851 | Elf:3    | Entered Level 3 of the Elven Halls
 59954 | Elf:3    | Identified the ring of Equilibrium {rN+ MP+9 Int+3 Dex+3}
 60171 | Elf:3    | Identified the +2 leather armour of the Big Bang {SInv}
 60502 | Elf:3    | Identified the +9 shortbow "Odul" {elec, rF- rCorr Dex+5}
 60502 | Elf:3    | Identified the ring of the Red God {rN+ Stlth+}
 60826 | Elf:3    | Got Nurien's Secrets of the Serac
 60831 | Elf:3    | Identified the staff of earth "Duenatze" {Str-3 Int+3}
 60838 | Elf:3    | Got Wewunubb's Almanac of the Algid Morgue
 60920 | Elf:3    | Identified the staff of death "Pariod" {rElec rN+ Str+3
                  | Int+3}
 60936 | Elf:3    | Identified the +1 falchion of Imituxu {heavy, *Corrode Fly
                  | rF+ Will++}
 61047 | Elf:3    | Got Asmodeus's Tome of Violence
 61685 | Vaults:5 | Noticed a dread lich
 61743 | Vaults:5 | Paralysed by a dread lich for 4 turns
 61748 | Vaults:5 | Noticed an ancient lich
 61751 | Vaults:5 | Paralysed by a dread lich for 4 turns
 61759 | Vaults:5 | Noticed a dread lich
 61759 | Vaults:5 | Killed a dread lich
 61759 | Vaults:5 | Killed an ancient lich
 61776 | Vaults:5 | Paralysed by a dread lich for 5 turns
 61783 | Vaults:5 | Killed a dread lich
 61919 | Vaults:5 | Got a silver rune of Zot
 61937 | Vaults:5 | Identified the +3 dagger "Inu Xeme" {antimagic, Stlth+}
 61981 | Vaults:5 | Identified the +4 dagger of Honour {venom, Int+3}
 62049 | Vaults:5 | Identified the staff of air "Ofoumm" {rElec Dex+3 Stlth+}
 62131 | Vaults:5 | Identified the +10 hand axe of Prudence {heavy, Will+}
 62436 | Vaults:5 | Identified the staff of poison "Omac" {rPois MP+9 Str-2
                  | Int+3 Dex+3}
 62465 | Vaults:5 | Noticed an ancient lich
 62477 | Vaults:5 | Killed an ancient lich
 62957 | Zot:1    | Entered Level 1 of the Realm of Zot
 63448 | Zot:1    | Noticed an orb of fire
 63479 | Zot:1    | Killed an orb of fire
 64087 | Zot:2    | Noticed Vv
 64254 | Zot:1    | Killed Vv
 65487 | Zot:3    | Got the Almanac of the Cold Swarm
 65761 | Zot:3    | Reached skill level 27 in Invocations
 67038 | Zot:5    | Entered Level 5 of the Realm of Zot
 67350 | Zot:5    | Noticed a dread lich
 67356 | Zot:5    | Noticed an orb of fire
 67359 | Zot:5    | Noticed an orb of fire
 67360 | Zot:5    | Reached skill level 27 in Fighting
 67360 | Zot:5    | Reached skill level 10 in Dodging
 67362 | Zot:5    | Killed a dread lich
 67363 | Zot:5    | Noticed an orb of fire
 67364 | Zot:5    | Noticed a dread lich
 67424 | Zot:5    | Killed from afar by an orb of fire

Illustrated notes

Levels and vault maps discovered:
D:1:      ldierk_walled_garden_2, layout_loops_cross
D:2:      layout_basic, serial_shops, nicolae_shop_stone, basic_ecumenical_altar
D:3:      layout_loops_ring, serial_shops, shop
D:4:      layout_loops_ring
D:5:      layout_loops_ring, mainiacjoe_overflow_alcove_1,
          lemuel_temple_firewalk_a, uniq_sigmund, uniq_crazy_yiuf_cottage
D:6:      layout_cave_pools, gammafunk_ghost_split, uniq_pikel, uniq_grinder,
          uniq_maggie, uniq_menkaure
D:7:      minmay_polygon_palace, layout_basic, okawaru_ov_weapons_minmay,
          kennysheep_cluttered_room, kennysheep_pointless_box,
          nicolae_shop_firing_range
D:8:      layout_loops_ring, kennysheep_small_spiral, minmay_ruffians,
          uniq_maurice, uniq_psyche
D:9:      nicolae_cairo_tiling, layout_irregular_city, zin_purify,
          nicolae_alphabet_shops, hangedman_abyss_or_decor_stagger
D:10:     layout_basic, dpeg_lair_monsters, serial_shops,
          nicolae_shop_industrial_runoff, serial_undead, serial_undead_b,
          serial_undead_b, serial_undead_d, serial_undead_b
D:11:     layout_rooms, orc_0_dummy, serial_shops, nicolae_shop_tiny_waterfront,
          grunt_decor_clamped
D:12:     layout_cave_pools, serial_shops, nicolae_shop_just_a_little_nook
D:13:     layout_basic, serial_shops, shop
D:14:     layout_irregular_city, david_vaults_4, serial_shops,
          nicolae_shop_tiny_glass, lemuel_zombie_altar_kikubaaqudgha
D:15:     gammafunk_enter_depths_forms, layout_cave_pools, serial_glass,
          glass_columns_a, glass_columns_a, glass_columns_c, glass_columns_a,
          minmay_alternating_orb
Lair:1:   layout_gridlike, basic_altar, beast_lair_carwin_6,
          serial_bayou_shore_b
Lair:2:   layout_misc_corridors, guppyfry_snake_entry_garden,
          gauntlet_entry_generic, minivault_23, grunt_megastairs_2, uniq_amaemon
Lair:3:   layout_regular_city, nicolae_shoals_entry_roost, beast_lair_carwin_4
Lair:4:   layout_regular_city, nicolae_lair_time_for_slime, lemuel_fruit_fields,
          uniq_kirke
Lair:5:   gammafunk_lair_ancient_temple, layout_regular_city, slime_entry_2,
          patterned_corridor
Shoals:1: layout_shoals, gammafunk_ghost_necromancy,
          portal_ice_cave_entry_ice_statue_two
Shoals:2: layout_shoals, uniq_polyphemus, uniq_mlioglotl, uniq_roxanne
Shoals:3: cheibrodos_shoals_three_sisters, layout_shoals, uniq_ilsuiw
Shoals:4: shoals_end_grunt_ice, layout_shoals, shoals_ilsuiw_alternative
Snake:1:  layout_basic, basic_altar, nicolae_snake_bzzzt, minmay_shop_star,
          serial_bayou_shore_a, uniq_asterion
Snake:2:  layout_chambers, grunt_ministairs_13, minmay_shop_grove, uniq_aizul
Snake:3:  layout_gridlike, uniq_bai_suzhen
Snake:4:  grunt_snake_rune_spirals, layout_concentric_octagons
Orc:1:    layout_diamond_mine, serial_shops, nicolae_diamond_shop, uniq_snorg,
          uniq_erica
Orc:2:    st_orc_open, layout_caves, abandoned_shop
Elf:1:    eino_elf_arrival_shootout, layout_gridlike, serial_shops,
          bzr_entry_water, orc_legates
Elf:2:    nicolae_elf_blades_crystal_corner, layout_geoelf_grid, uniq_donald,
          uniq_nikola
Elf:3:    minmay_elf_hall_dome, layout_loops_ring, minmay_elf_annihilation
Vaults:1: v_misc_4, nicolae_vaults_shipping_containers_5,
          vaults_standard_mumra_enter_the_diamond,
          nicolae_vaults_closet_pinwheel_1, vaults_dpeg_emergency_exit,
          nicolae_vaults_cochlea, nicolae_vaults_apartment_2,
          vaults_room_stairs_pillars, v_pattern_2, nicolae_vaults_two_Ls,
          nicolae_vaults_diamond_2, layout_vaults_quadrants, serial_shops, shop,
          nicolae_book_shop_shelving, nicolae_shop_window_shopping,
          nicolae_diamond_shop
Vaults:2: nicolae_vaults_weapon_check, nicolae_vaults_network_barrier,
          v_misc_33, nicolae_vaults_security_offices_2, v_misc_19,
          nicolae_vaults_ninety_degrees, nicolae_vaults_octothorpe,
          nicolae_vaults_stepped_doors, v_pattern_5, v_misc_25,
          nicolae_vaults_double_plus_3, ontoclasm_vaults_shuriken,
          nicolae_vaults_apartment_1, nicolae_vaults_house_1,
          nicolae_vaults_apartment_1, layout_vaults_omnicross
Vaults:3: ontoclasm_vaults_hangar, nicolae_vaults_two_Ls,
          nicolae_vaults_lightning_bolt, vaults_mumra_chevron,
          grunt_vaults_diagonal, hangedman_vaults_nodes,
          nicolae_vaults_minivaults, nicolae_vaults_storage_closets_2,
          nicolae_vaults_alarming, ontoclasm_vaults_ligature, v_rooms_4,
          vaults_room_grid, nicolae_vaults_closet_pinwheel_4,
          nicolae_vaults_trapezoid_lopsided_3, minmay_crypt_entry_simple_box,
          hangedman_vaults_slice, nicolae_vaults_prndl, layout_vaults_maze,
          serial_shops, bzr_entry_dummy
Vaults:4: mu_enter_wizlab_6, nicolae_vaults_doubleplus_tesselated, v_rooms_3,
          ontoclasm_vaults_gateway, st_check, nicolae_vaults_mini_display_case,
          v_alt_pattern_1, nicolae_vaults_trapezoid_lopsided_1,
          nicolae_vaults_what_the_h, dpeg_vaults_monster_row,
          vaults_standard_mumra_x, vaults_room_hallway,
          nicolae_vaults_storage_room_glass, nicolae_vaults_little_squares_3,
          layout_vaults_big_room
Vaults:5: serial_shops
Crypt:1:  layout_regular_city, grunt_crypt_arrival_webbed, uniq_josephina
Crypt:2:  layout_gridlike
Crypt:3:  lightli_unholy_cathedral, layout_chaotic_city,
          tomb_entry_simple_bobbens
Depths:1: layout_big_octagon, enter_ziggurat_d, cheibrodos_ashenzari_chains,
          serial_shops, nicolae_shop_behind_doors, abyss_entry, hell_entry,
          pan_entry, chequers_serial_rivers_micro_e, kennysheep_minor_cross,
          kennysheep_path_1, minmay_st_funbox, grunt_potential,
          grunt_megastairs_3, uniq_mara
Depths:2: minmay_the_grid_square_5x5_5x5 [minmay_the_grid_square_5x5_minivault,
          minmay_the_grid_square_5x5_corner, minmay_the_grid_square_5x5_n,
          minmay_the_grid_square_5x5_spiral_small,
          minmay_the_grid_square_5x5_checkered,
          minmay_the_grid_square_5x5_minimal,
          minmay_the_grid_square_5x5_prize_waves,
          minmay_the_grid_square_5x5_gyroscope,
          minmay_the_grid_square_5x5_prize_gold, minmay_the_grid_square_5x5_six,
          minmay_the_grid_square_5x5_z, minmay_the_grid_square_5x5_bracketed,
          minmay_the_grid_square_5x5_prize_open,
          minmay_the_grid_square_5x5_trominoes,
          minmay_the_grid_square_5x5_one_wall,
          minmay_the_grid_square_5x5_broken_cross,
          minmay_the_grid_square_5x5_prize_pseudospiral,
          minmay_the_grid_square_5x5_percent,
          minmay_the_grid_square_5x5_prize_deathbox,
          minmay_the_grid_square_5x5_intrusive_squares,
          minmay_the_grid_square_5x5_plus, minmay_the_grid_square_5x5_longway,
          minmay_the_grid_square_5x5_shrine1,
          minmay_the_grid_square_5x5_two_small,
          minmay_the_grid_square_5x5_almost_minimal], layout_cave_pools,
          lightli_too_deep, fedhas_altar_1, abyss_entry_crystal, pan_entry,
          kennysheep_generic_room_15
Depths:3: ragdoll_tomb_raider, layout_gridlike, hangedman_decor_peaks_small,
          minmay_room_of_horrors, hell_entry, nicolae_trove_entry_crossroad
Depths:4: grunt_zot_entry_pinwheel, layout_cave_shapes, hangedman_coc_ice_floe,
          abyss_entry, kennysheep_crisscross, nicolae_ru_awakened_eye
Zot:1:    layout_onion_interference
Zot:2:    layout_gridlike, grunt_ministairs_2, uniq_vv
Zot:3:    layout_basic, st_stairs_2
Zot:4:    layout_misc_corridors, hangedman_zot_wheel_spokes, grunt_megastairs_5
Zot:5:    layout_gridlike

Skill      XL: |  1  2  3  4  5  6  7  8  9 10 11 12 13 14 15 16 17 18 19 20 21 22 23 24 25 26 27 |
---------------+----------------------------------------------------------------------------------+-----
Fighting       | 1 2 3 4 10 18 21 25 27 | 27.0
Unarmed Combat | 1 |  1.3
Ranged Weapons | 1 2 3 5 6 9 11 14 15 16 18 | 18.0
Invocations    | 5 10 12 17 27 | 27.0
Armour         | 7 8 11 15 | 15.0
Shields        | 6 11 12 14 15 18 | 18.0
Dodging        | 5 7 8 11 | 11.4
Evocations     | 3 10 11 12 13 | 13.6
Translocations | 7 10 | 10.0
Hexes          | 9 10 | 10.0
Stealth        | |  2.1
Spellcasting   | |  1.7
Conjurations   | |  3.2

Action                     |  1- 3 |  4- 6 |  7- 9 | 10-12 | 13-15 | 16-18 | 19-21 | 22-24 | 25-27 || total
---------------------------+-------+-------+-------+-------+-------+-------+-------+-------+-------++-------
  Melee: Unarmed           |    52 |       |       |       |       |       |       |       |       ||    52
         Shortbow          |       |       |       |     2 |       |       |       |       |       ||     2
   Fire: Shortbow          |    49 |   163 |   258 |   709 |  1784 |       |       |       |       ||  2963
         Longbow           |       |       |    13 |       |       |       |       |       |       ||    13
         Hand crossbow     |       |       |       |       |   354 |   500 |  2273 |  2598 |  2421 ||  8146
   Cast: Blink             |       |       |       |       |       |       |       |     3 |     4 ||     7
         Portal Projectile |       |       |       |       |       |       |       |     2 |     1 ||     3
 Invoke: Greater Servant o |       |       |       |       |     1 |     2 |     1 |     3 |     3 ||    10
         Minor Destruction |       |       |       |       |     1 |       |       |       |       ||     1
         Major Destruction |       |       |       |       |     6 |       |     1 |       |       ||     7
  Evoke: Wand              |       |       |       |     2 |     9 |     1 |     9 |     9 |    13 ||    43
         Phantom mirror    |       |       |       |       |       |       |     1 |       |       ||     1
         Tin of tremorston |       |       |       |       |       |       |     5 |     3 |     4 ||    12
    Use: Scroll            |       |       |    17 |     9 |    14 |     4 |    16 |    13 |    31 ||   104
         Potion            |       |       |       |     1 |     5 |     2 |     2 |     3 |    16 ||    29
   Stab: Sleeping          |     2 |       |       |       |       |       |       |       |       ||     2
 Armour: Robe              |    30 |       |       |       |       |       |       |       |       ||    30
         Ring mail         |       |    38 |    39 |       |       |       |       |       |       ||    77
         Steam dragon scal |       |       |    49 |   185 |     3 |       |       |       |       ||   237
         Acid dragon scale |       |       |       |       |   988 |   175 |   105 |       |       ||  1268
         Storm dragon scal |       |       |       |       |       |       |  1472 |  2104 |  1707 ||  5283
  Dodge: Dodged            |    48 |    80 |    90 |   205 |   822 |   154 |   919 |  1085 |  1641 ||  5044
  Block: Buckler           |       |       |       |       |    58 |   138 |  1124 |       |       ||  1320
         Reflection        |       |       |       |       |       |    26 |   135 |       |       ||   161
         Kite shield       |       |       |       |       |       |       |    65 |  2405 |  2215 ||  4685
